 Dungeon Crawl Stone Soup version 0.23-a0-808-gd21de94 (webtiles) character file.

13399 silenth the Reanimator (level 11, -10/85 HPs)
             Began as a Demonspawn Necromancer on Jan 20, 2019.
             Was the Champion of Jiyva.
             Mangled by an ice devil (16 damage)
             ... in an ice cave.
             The game lasted 00:29:18 (10204 turns).

silenth the Reanimator (Demonspawn Necromancer)    Turns: 10204, Time: 00:29:19

Health: -10/85     AC: 21    Str: 15 (17) XL:     11   Next: 75%
Magic:  23/23      EV: 12    Int: 23 (24) God:    Jiyva [******]
Gold:   250        SH:  4    Dex: 10      Spells: 9/26 levels left

rFire    . . .     SeeInvis .   o - +2 falchion (slice)
rCold    . . .     Gourm    .   C - +0 buckler
rNeg     . . .     Faith    .   H - +0 troll leather armour
rPois    .         Spirit   .   (helmet restricted)
rElec    .         Reflect  .   F - +2 cloak
rCorr    +         Harm     .   B - +2 pair of gloves
MR       .....                  f - +0 pair of boots
Stlth    +++.......             (no amulet)
HPRegen  0.64/turn              u - +4 ring of protection
MPRegen  0.18/turn              A - ring of stealth

@: mighty, sanguine armour, drained
A: antennae 2, talons 1, clever 1, demonic guardian 1, deterioration 1, spiny 2,
strong 1, translucent skin 1, sanguine armour 1
a: Request Jelly, Slimify, Cure Bad Mutation, Renounce Religion


You were in an ice cave.
You worshipped Jiyva.
Jiyva was exalted by your worship.
You were completely stuffed.

You visited 2 branches of the dungeon, and saw 13 of its levels.
You also visited: Ice Cave.

You collected 538 gold pieces.
You spent 288 gold pieces at shops.

Inventory:

Hand Weapons
 c - a +0 short sword
 g - a +0 spear
 o - a +2 falchion of slicing (weapon)
 t - the +2 arbalest "Deqam" {speed, rElec Int+5 Dex-2}
   (You acquired it on level 9 of the Dungeon)

   Attacks with this weapon are significantly faster.
   It affects your intelligence (+5).
   It affects your dexterity (-2).
   It insulates you from electricity.
Armour
 a - a +1 robe
 f - a +0 pair of boots (worn)
 h - a +2 chain mail of fire resistance
 B - a +2 pair of gloves (worn)
 C - a +0 buckler (worn)
 F - a +2 cloak (worn)
 H - a +0 troll leather armour (worn)
Jewellery
 u - a +4 ring of protection (left hand)
 A - a ring of stealth (right hand)
 E - an uncursed ring of protection from fire
Wands
 s - a wand of disintegration (3)
 z - a wand of digging (2)
Scrolls
 i - a scroll of magic mapping
 j - 4 scrolls of immolation
 k - 2 scrolls of summoning {unknown}
 m - 2 scrolls of teleportation
 n - a scroll of amnesia
 r - 3 scrolls of remove curse
 w - 2 scrolls of enchant weapon
 y - 2 scrolls of fog
 G - a scroll of blinking
Potions
 b - 2 potions of magic
 d - 3 potions of lignification {unknown}
 l - a potion of resistance
 p - 3 potions of flight {unknown}
 x - 2 potions of brilliance
 D - 2 potions of haste {unknown}
 I - a potion of cancellation
Comestibles
 e - 19 rations


   Skills:
 + Level 7.7(6.9) Fighting
 - Level 3.0(2.2) Armour
 - Level 3.1(2.3) Dodging
 - Level 5.0(4.2) Stealth
 - Level 4.1(3.3) Shields
 - Level 8.0(7.1) Spellcasting
 - Level 4.1(3.3) Conjurations
 - Level 2.0(1.3) Charms
 + Level 12.8(11.8) Necromancy
 - Level 2.0(1.2) Translocations
 - Level 2.0(1.2) Air Magic
 - Level 4.0(3.2) Poison Magic
 - Level 3.0(2.2) Evocations


You had 9 spell levels left.
You knew the following spells:

 Your Spells              Type           Power        Failure   Level  Hunger
a - Pain                  Necr           ####         1%          1    None
b - Animate Skeleton      Necr           N/A          1%          1    None
c - Vampiric Draining     Necr           ######....   1%          3    None
d - Regeneration          Chrm/Necr      #####.....   1%          3    None
e - Blink                 Tloc           N/A          9%          2    None
f - Mephitic Cloud        Conj/Pois/Air  ###.....     11%         3    None
g - Animate Dead          Necr           N/A          1%          4    ###....

Your spell library contained the following spells:

 Spells                   Type           Power        Failure   Level  Hunger
 Magic Dart               Conj           ###.         2%          1    None
 Shock                    Conj/Air       ###.         3%          1    None
 Searing Ray              Conj           ###...       3%          2    None
 Apportation              Tloc           ##....       6%          1    None
 Swiftness                Chrm/Air       ##......     9%          2    None
 Confusing Touch          Hex            #.....       10%         1    None
 Summon Small Mammal      Summ           #...         10%         1    None
 Static Discharge         Conj/Air       ###.....     12%         3    None
 Call Imp                 Summ           #.......     16%         2    None
 Slow                     Hex            #.......     16%         2    None
 Conjure Flame            Conj/Fire      ###.....     16%         3    None
 Dazzling Spray           Conj/Hex       ###...       16%         3    None
 Iskenderun's Mystic Bla  Conj           ###.....     26%         4    ###....
 Force Lance              Conj/Tloc      ###.....     36%         4    ###....
 Fulminant Prism          Conj/Hex       ###.......   45%         4    ###....
 Airstrike                Air            ##........   52%         4    ###....
 Lightning Bolt           Conj/Air       ###.......   71%         5    #####..


Dungeon Overview and Level Annotations

Branches:
Dungeon (12/15)            Temple (1/1) D:4            Lair (0/6) D:9
    Orc (0/2) D:11

Altars:
Ashenzari
Cheibriados
Dithmenos
Elyvilon
Fedhas
Gozag
Hepliaklqana
Kikubaaqudgha
Makhleb
Nemelex Xobeh
Okawaru
Qazlal
Ru
Sif Muna
Trog
Uskayaw
Vehumet
Wu Jian
Xom
Yredelemnul
Zin
The Shining One
Beogh
Jiyva

Shops:
D:6 :   D:8 *   D:9 (   D:10 *   D:11 =


Innate Abilities, Weirdness & Mutations

You have a pair of antennae on your head.
A weak demonic guardian rushes to your aid.
You are mostly covered in sharp spines.
When seriously injured, your bleeding wounds create armour. (AC +6)
You have sharp toenails.
Your mind is acute. (Int +2)
Your body sometimes deteriorates upon taking damage.
Your muscles are strong. (Str +2)
Your translucent skin slightly reduces your foes' accuracy. (Stealth)


Message History

Your shadow imp barely misses the ice devil.
The ice devil misses your shadow imp. The ice devil hits you.
Your blood congeals into armour.
The ice devil freezes you!
Your shadow imp hits the ice devil but does no damage.
Your shadow imp barely misses the ice devil.
The ice devil barely misses your shadow imp.
You feel much better. The ice devil hits you! The ice devil freezes you!
Your shadow imp closely misses the ice devil.
Your shadow imp barely misses the ice devil.
You feel very mighty all of a sudden.
Your shadow imp disappears in a puff of smoke!
The ice devil hits you!
* * * LOW HITPOINT WARNING * * *
The ice devil freezes you!
* * * LOW HITPOINT WARNING * * *
Your shadow imp barely misses the ice devil.
Your shadow imp misses the ice devil.
The ice devil hits you.
* * * LOW HITPOINT WARNING * * *
The ice devil freezes you!
You die...

#####
##...##
##.....##
#...∩...#
#...∩...#
##.....##
##@..##
##44.#
#5..##
#...##
##...#
#...# {
.....#
........
...........


You could see 2 ice devils and a friendly shadow imp.

Vanquished Creatures
  A two-headed ogre (D:10)
  A death yak (D:10)
  A centaur zombie (D:10)
  Joseph (D:8)
  A centaur skeleton (D:9)
  An ice devil (IceCv)
  4 trolls
  5 hippogriffs
  A centaur simulacrum (D:10)
  10 yaks
  A steam dragon (D:10)
  A water moccasin (D:11)
  9 orc warriors
  A sky beast (D:8)
  6 ice beasts
  5 phantoms
  3 ogres
  5 wolves
  A crocodile (D:9)
  5 centaurs
  A big kobold (D:9)
  A bullfrog (D:6)
  2 scorpions
  5 killer bees
  3 wights (D:12)
  4 howler monkeys
  6 electric eels
  2 crimson imps (D:10)
  2 bullfrog zombies
  11 hounds
  A wyvern simulacrum (D:10)
  2 gnoll shamans
  9 orc priests
  A bullfrog skeleton (D:8)
  4 orc wizards
  Natasha (D:2)
  An iguana (D:9)
  3 worker ants
  11 adders
  8 gnolls
  2 shadow imps
  2 white imps (D:10)
  An ufetubus (D:10)
  An ooze (D:3)
  3 adder skeletons
  2 worms
  3 dart slugs
  3 leopard geckos
  35 orcs
  A ball python (D:3)
  11 bats
  5 giant cockroaches
  6 goblins
  8 hobgoblins
  7 jackals
  2 quokkas
  A ball python zombie (D:5)
  6 frilled lizards
  A giant cockroach zombie (D:6)
  A jackal skeleton (D:8)
  14 kobolds
  A leopard gecko skeleton (D:4)
  A quokka simulacrum (D:10)
  5 rats
263 creatures vanquished.

Vanquished Creatures (collateral kills)
  Erolcha (D:10)
  A two-headed ogre (D:8)
  Pikel (D:3)
  A cyclops (D:11)
  A centaur skeleton (D:11)
  A hippogriff (D:8)
  A wraith (D:10)
  A yak (D:10)
  A water moccasin (D:9)
  An orc warrior (D:9)
  A sky beast (D:7)
  A phantom (D:8)
  2 ogres (D:9)
  2 big kobolds
  2 killer bees (D:10)
  A howler monkey (D:4)
  A centaur zombie (D:6)
  2 hounds (D:9)
  An orc priest (D:11)
  An orc wizard (D:4)
  Natasha (twice) (D:2)
  A worker ant (D:4)
  An adder (D:9)
  A shadow imp (D:8)
  A white imp (D:10)
  7 orcs
  A bat (D:1)
  2 goblins (D:1)
  A kobold (D:11)
  A frilled lizard (D:1)
  2 rats
44 creatures vanquished.

Vanquished Creatures (others)
  A polar bear (D:10)
  A water moccasin (D:11)
  A slave (D:4)
  A bullfrog (D:11)
  19 jellies
  A killer bee (D:10)
  A howler monkey (D:7)
  A hound (D:11)
  An orc wizard (D:5)
  An iguana (D:10)
  A gnoll (D:10)
  2 adders
  A shadow imp (D:12)
  12 orcs
  A quokka (D:8)
  A ball python (D:5)
46 creatures vanquished.

Grand Total: 353 creatures vanquished

Notes
Turn   | Place    | Note
-------+----------+-------------------------------------------
     0 | D:1      | silenth the Demonspawn Necromancer began the quest for the
                  | Orb.
     0 | D:1      | Reached XP level 1. HP: 13/13 MP: 3/3
    32 | D:1      | Learned a level 1 spell: Animate Skeleton
   205 | D:1      | Reached skill level 2 in Stealth
   221 | D:1      | HP: 1/13 [kobold/+0 short sword (6)]
   224 | D:1      | Gained mutation: A weak demonic guardian rushes to your
                  | aid. [demonic ancestry]
   224 | D:1      | Reached XP level 2. HP: 2/19 MP: 0/5
  1100 | D:2      | Noticed Natasha
  1106 | D:2      | Noticed a crimson imp
  1106 | D:2      | Killed Natasha
  1106 | D:2      | Reached skill level 5 in Necromancy
  1106 | D:2      | Reached XP level 3. HP: 23/24 MP: 4/6
  1108 | D:2      | Noticed Natasha
  1117 | D:2      | HP: 2/24 [Natasha (9)]
  1118 | D:2      | Killed Natasha
  1132 | D:2      | Noticed Natasha
  1497 | D:2      | Killed Natasha
  1497 | D:2      | Gained mutation: You have a pair of small antennae on your
                  | head. [demonic ancestry]
  1497 | D:2      | Reached XP level 4. HP: 27/30 MP: 2/7
  1502 | D:2      | Learned a level 3 spell: Vampiric Draining
  1506 | D:2      | Learned a level 3 spell: Regeneration
  1858 | D:2      | Found a bloodstained altar of Trog.
  2535 | D:3      | Gained mutation: You have a pair of antennae on your head.
                  | [demonic ancestry]
  2535 | D:3      | Reached XP level 5. HP: 35/35 MP: 9/9
  2585 | D:3      | Found a hide-covered altar of Uskayaw.
  2603 | D:3      | Reached skill level 3 in Spellcasting
  2603 | D:3      | Reached skill level 1 in Evocations
  2705 | D:3      | Reached skill level 3 in Stealth
  2828 | D:3      | Reached skill level 6 in Necromancy
  2930 | D:4      | Reached skill level 5 in Fighting
  2930 | D:4      | Reached skill level 7 in Spellcasting
  2930 | D:4      | Reached skill level 10 in Necromancy
  2930 | D:4      | Reached XP level 6. HP: 51/51 MP: 9/16
  2934 | D:4      | Learned a level 2 spell: Blink
  2938 | D:4      | Learned a level 3 spell: Mephitic Cloud
  2941 | D:4      | Noticed Pikel
  2941 | D:4      | Noticed a slave
  2941 | D:4      | Noticed a slave
  2941 | D:4      | Noticed a slave
  2943 | D:4      | Noticed a slave
  2971 | D:3      | Killed Pikel
  2971 | D:3      | Gained mutation: You are partially covered in sharp spines.
                  | [demonic ancestry]
  2971 | D:3      | Reached XP level 7. HP: 34/56 MP: 15/18
  3234 | D:4      | Reached skill level 1 in Poison Magic
  3247 | D:4      | Reached skill level 1 in Conjurations
  3259 | D:4      | Reached skill level 1 in Charms
  3259 | D:4      | Reached skill level 1 in Air Magic
  3359 | D:4      | Reached skill level 1 in Translocations
  3483 | D:4      | Found an ornate altar of the Wu Jian Council.
  3485 | D:4      | Found a shimmering altar of Xom.
  3486 | D:4      | Found a sacrificial altar of Ru.
  3521 | D:4      | Found a staircase to the Ecumenical Temple.
  3529 | Temple   | Entered the Ecumenical Temple
  3641 | Temple   | Became a worshipper of Jiyva Jabeasen the Shapeless
  3910 | D:5      | Entered Level 5 of the Dungeon
  3934 | D:5      | Gained mutation: You are mostly covered in sharp spines.
                  | [demonic ancestry]
  3934 | D:5      | Reached XP level 8. HP: 62/62 MP: 19/19
  4005 | D:5      | Learned a level 4 spell: Animate Dead
  4088 | D:5      | Reached skill level 2 in Evocations
  4110 | D:5      | Found a shattered altar of Ashenzari.
  4153 | D:5      | Found a snail-covered altar of Cheibriados.
  4176 | D:5      | Reached * piety under Jiyva
  4909 | D:5      | Found a glowing golden altar of the Shining One.
  4909 | D:5      | Found an iron altar of Okawaru.
  5123 | D:6      | Found a white marble altar of Elyvilon.
  5158 | D:6      | Found Yjentiy's Book Shop.
  5702 | D:7      | Noticed a hippogriff
  5716 | D:7      | Killed a hippogriff
  5735 | D:7      | Found a basalt altar of Yredelemnul.
  5789 | D:7      | Found a shadowy altar of Dithmenos.
  5793 | D:7      | Reached ** piety under Jiyva
  6033 | D:7      | Reached skill level 2 in Conjurations
  6033 | D:7      | Reached XP level 9. HP: 61/68 MP: 20/20
  6216 | D:8      | Noticed a two-headed ogre
  6243 | D:8      | Killed a two-headed ogre
  6243 | D:8      | Reached skill level 1 in Shields
  6243 | D:8      | Reached skill level 8 in Spellcasting
  6243 | D:8      | Reached skill level 2 in Charms
  6243 | D:8      | Reached skill level 2 in Poison Magic
  6320 | D:8      | Reached skill level 2 in Translocations
  6320 | D:8      | Reached skill level 2 in Air Magic
  6495 | D:8      | Found Bysch's General Store.
  6503 | D:8      | Bought a +2 cloak for 198 gold pieces
  6503 | D:8      | Bought a scroll of blinking for 90 gold pieces
  6629 | D:8      | Found an ornate altar of the Wu Jian Council.
  6648 | D:8      | Found a shadowy altar of Dithmenos.
  6649 | D:8      | Noticed Joseph
  6661 | D:8      | Killed Joseph
  6661 | D:8      | Reached skill level 2 in Shields
  6661 | D:8      | Reached skill level 11 in Necromancy
  6684 | D:8      | Reached skill level 3 in Evocations
  6844 | D:8      | Reached *** piety under Jiyva
  6844 | D:8      | Gained mutation: You expend magic power (3 MP) to
                  | strengthen your wands. [Jiyva's grace]
  7033 | D:8      | Found a deep blue altar of Sif Muna.
  7182 | D:9      | Reached skill level 3 in Conjurations
  7183 | D:9      | Reached skill level 3 in Shields
  7183 | D:9      | Reached skill level 3 in Poison Magic
  7208 | D:9      | Identified a scroll of acquirement
  7209 | D:9      | Got an ichor-stained arbalest
  7220 | D:9      | Reached XP level 10. HP: 36/74 MP: 5/22
  7283 | D:9      | Reached skill level 4 in Shields
  7284 | D:9      | Identified the +2 arbalest "Deqam" {speed, rElec Int+5
                  | Dex-2} (You acquired it on level 9 of the Dungeon)
  7353 | D:9      | Found a staircase to the Lair.
  7764 | D:9      | Reached skill level 2 in Dodging
  7873 | D:9      | Found Alokocij's Weapon Shop.
  8074 | D:9      | Reached skill level 1 in Armour
  8412 | D:9      | Found an opulent altar of Gozag.
  8461 | D:10     | Entered Level 10 of the Dungeon
  8469 | D:10     | Noticed Erolcha
  8487 | D:9      | Reached **** piety under Jiyva
  8779 | D:10     | Paralysed by Erolcha for 4 turns
  8781 | D:10     | Killed Erolcha
  8781 | D:10     | Reached skill level 2 in Armour
  8781 | D:10     | Reached skill level 4 in Stealth
  8781 | D:10     | Reached skill level 4 in Poison Magic
  8781 | D:10     | Gained mutation: When seriously injured, your bleeding
                  | wounds create armour. (AC +6) [demonic ancestry]
  8781 | D:10     | Reached XP level 11. HP: 66/81 MP: 16/23
  8789 | D:10     | Noticed a death yak
  8797 | D:10     | Gained mutation: Your translucent skin slightly reduces
                  | your foes' accuracy. (Stealth) [Jiyva's grace]
  8805 | D:10     | Killed a death yak
  8805 | D:10     | Reached skill level 3 in Dodging
  8805 | D:10     | Reached skill level 4 in Conjurations
  8836 | D:10     | Gained mutation: Your system is resistant to poisons.
                  | (rPois) [Jiyva's grace]
  8838 | D:10     | Reached ***** piety under Jiyva
  8897 | D:10     | Lost mutation: You expend magic power (3 MP) to strengthen
                  | your wands. [Jiyva's grace]
  8903 | D:10     | Reached skill level 6 in Fighting
  8948 | D:10     | Found Zadghithru's Assorted Antiques.
  9016 | D:10     | Noticed a two-headed ogre
  9022 | D:10     | Killed a two-headed ogre
  9022 | D:10     | Reached skill level 12 in Necromancy
  9047 | D:10     | Lost mutation: Your system is resistant to poisons. (rPois)
                  | [Jiyva's grace]
  9095 | D:10     | Reached skill level 3 in Armour
  9116 | D:10     | Reached skill level 5 in Stealth
  9221 | D:10     | Found a roughly hewn altar of Beogh.
  9352 | D:11     | Found Lirghal's Jewellery Shop.
  9452 | D:11     | Reached skill level 7 in Fighting
  9519 | D:11     | Gained mutation: You have sharp toenails. [Jiyva's grace]
  9673 | D:11     | Reached ****** piety under Jiyva
  9675 | D:11     | Found a roughly hewn altar of Beogh.
  9678 | D:11     | Found a staircase to the Orcish Mines.
  9680 | D:11     | Gained mutation: Your body sometimes deteriorates upon
                  | taking damage. [Jiyva's grace]
  9705 | D:11     | Gained mutation: Your mind is acute. (Int +2) [Jiyva's
                  | grace]
 10153 | D:12     | Found a frozen archway.
 10166 | D:12     | Gained mutation: Your muscles are strong. (Str +2) [Jiyva's
                  | grace]
 10174 | IceCv    | Entered an ice cave
 10203 | IceCv    | HP: 8/85 [ice devil (11)]
 10204 | IceCv    | Mangled by an ice devil

Vault maps used:
D:1:      lemuel_arrival_room, minmay_crystal_water
D:2:      lemuel_doored_altar, minivault_26, minmay_diced_spiral, uniq_natasha
D:3:      nicolae_overflow_crystal_walls
D:4:      gammafunk_temple_overflow_claw, minmay_temple_entry_tees,
          first_ration, uniq_pikel
D:5:      amethyst_overflow_temple_binary, cheibrodos_ashenzari_chains,
          basic_altar
D:6:      elyvilon_altar_5, serial_shops, nicolae_shop_trees, nrook_mini_vaults
D:7:      lemuel_round_altar, basic_altar
D:8:      nicolae_dithmenos_the_darkroom, led_sif_pool, basic_altar,
          serial_shops, shop_fountains, grunt_pizzeria, uniq_joseph
D:9:      kennysheep_little_box, erik_lair_island, serial_shops,
          nicolae_shop_behind_doors, minmay_puff
D:10:     serial_ice, serial_ice_l, serial_ice_g, serial_ice_f, serial_ice_n,
          serial_ice_e, serial_ice_h, serial_shops, shop_coins,
          david_defended_altar_orc, uniq_erolcha
D:11:     david_orc_5, serial_column_ruins, column_ruins_hut_pillars,
          column_ruins_columns_straight, column_ruins_open_tiny,
          column_ruins_columns_dead_end, column_ruins_open_tiny,
          column_ruins_grid_2, column_ruins_columns_plus,
          column_ruins_open_tiny, serial_shops, nicolae_shop_statue_plus
D:12:     portal_ice_cave_entry_pillars_1, basic_altar, okawaru_humans
Temple:   pf_slime_end_temple
IceCv:    ice_cave_tombish

Skill      XL: |  1  2  3  4  5  6  7  8  9 10 11 |
---------------+----------------------------------+-----
Stealth        | 2 3 4 5 |  5.0
Necromancy     | 5 10 11 12 | 12.8
Spellcasting   | 7 8 |  8.0
Evocations     | 1 2 3 |  3.0
Fighting       | 5 7 |  7.7
Poison Magic   | 1 3 4 |  4.0
Conjurations   | 1 2 3 4 |  4.1
Charms         | 1 2 |  2.0
Air Magic      | 1 2 |  2.0
Translocations | 1 2 |  2.0
Shields        | 3 4 |  4.1
Dodging        | 2 3 |  3.1
Armour         | 2 3 |  3.0

Action                   |  1- 3 |  4- 6 |  7- 9 | 10-12 || total
-------------------------+-------+-------+-------+-------++-------
Melee: Unarmed           |     7 |       |       |       ||     7
       Short sword       |    11 |       |       |       ||    11
       Spear             |     9 |    23 |       |       ||    32
       Falchion          |       |    96 |   209 |   268 ||   573
 Cast: Pain              |    27 |     4 |    19 |    15 ||    65
       Animate Skeleton  |     7 |     1 |     9 |     1 ||    18
       Vampiric Draining |       |     7 |    18 |    54 ||    79
       Mephitic Cloud    |       |       |     5 |     3 ||     8
       Animate Dead      |       |       |     1 |     4 ||     5
       Blink             |       |       |       |     2 ||     2
       Regeneration      |       |       |       |     2 ||     2
Evoke: Wand              |       |     1 |     5 |    17 ||    23
  Use: Scroll            |       |     2 |    16 |     8 ||    26
       Potion            |       |     1 |       |     5 ||     6
 Stab: Sleeping          |       |     9 |     9 |     1 ||    19
       Confused          |       |       |     2 |     2 ||     4
       Distracted        |       |       |     2 |     1 ||     3
  Eat: Chunk             |     1 |     3 |    12 |     2 ||    18
       Ration            |     1 |       |       |       ||     1
Armor: Robe              |     6 |    62 |    93 |    10 ||   171
       Troll leather arm |       |       |       |   148 ||   148
Dodge: Dodged            |    26 |   107 |   116 |   261 ||   510
Block: Buckler           |       |       |    18 |   101 ||   119
       Rpst.: Falchion   |       |    21 |    45 |    75 ||   141

Table legend:
 A = Non-vault XP
 B = Vault XP
 C = Vault XP percentage of total XP
 D = Non-vault monster count
 E = Vault monster count
 F = Vault count percentage of total count
                 A         B        C        D         E       F
            +---------+---------+-------+---------+---------+-------
      Total |   13024 |    5850 |  31.0 |     254 |      53 |  17.3
            +---------+---------+-------+---------+---------+-------
        D:1 |      27 |       0 |   0.0 |      17 |       0 |   0.0
        D:2 |      70 |      30 |  30.0 |      15 |       4 |  21.1
        D:3 |     161 |     409 |  71.8 |      32 |       1 |   3.0
        D:4 |     446 |       0 |   0.0 |      22 |       0 |   0.0
        D:5 |     635 |       0 |   0.0 |      23 |       0 |   0.0
        D:6 |     143 |       0 |   0.0 |       7 |       0 |   0.0
        D:7 |     676 |       0 |   0.0 |      10 |       0 |   0.0
        D:8 |    1758 |     436 |  19.9 |      22 |       2 |   8.3
        D:9 |    2891 |    1277 |  30.6 |      30 |      13 |  30.2
       D:10 |    3405 |    2566 |  43.0 |      49 |      15 |  23.4
       D:11 |    2297 |     846 |  26.9 |      17 |      17 |  50.0
       D:12 |     515 |       0 |   0.0 |      10 |       0 |   0.0
      IceCv |       0 |     286 | 100.0 |       0 |       1 | 100.0
            +---------+---------+-------+---------+---------+-------
